 Dungeon Crawl Stone Soup version 0.23.2-1-ga50397a (webtiles) character file.

Game seed: 11837725048277916060

17461 kae the Martial Artist (level 11, -8/89 HPs)
             Began as a Demigod Transmuter on May 14, 2019.
             Mangled by a five-headed hydra (14 damage)
             ... on level 11 of the Dungeon.
             The game lasted 00:19:24 (15348 turns).

kae the Martial Artist (Demigod Transmuter)        Turns: 15348, Time: 00:19:25

Health: -8/89      AC:  4    Str: 13    XL:     11   Next: 91%
Magic:  26/28      EV: 20    Int: 17    God:
Gold:   675        SH:  0    Dex: 27    Spells: 16/27 levels left

rFire    . . .     SeeInvis .     - Unarmed
rCold    . . .     Gourm    .   (shield currently unavailable)
rNeg     . . .     Faith    .   (armour currently unavailable)
rPois    x         Spirit   .   (helmet currently unavailable)
rElec    .         Reflect  .   (cloak currently unavailable)
rCorr    .         Harm     .   (gloves currently unavailable)
MR       +....                  (boots currently unavailable)
Stlth    ++........             (no amulet)
HPRegen  0.24/turn              c - +2 ring of protection
MPRegen  0.21/turn              s - +5 ring of slaying

@: spider-form
A: tiny, high mp 1
a: End Transformation


You were on level 11 of the Dungeon.
You were hungry.
You were a venomous arachnid creature.
You visited 1 branch of the dungeon, and saw 11 of its levels.
You also visited: Sewer and Bailey.

You collected 675 gold pieces.

Inventory:

Missiles
 a - 143 arrows
 t - 39 tomahawks of returning (quivered)
Armour
 b - a +1 robe (melded)
 i - a +1 pair of gloves (melded)
 r - a +1 pair of boots of running (melded)
Jewellery
 c - a +2 ring of protection (left front leg)
 l - an uncursed ring of protection from cold
 s - a +5 ring of slaying (right front leg)
 C - an uncursed ring of see invisible {unknown}
Wands
 x - a wand of acid (6)
Scrolls
 g - 5 scrolls of identify
 h - 8 scrolls of blinking
 j - 9 scrolls of teleportation
 k - 2 scrolls of fog
 o - 2 scrolls of enchant armour
 q - 2 scrolls of remove curse
 u - 3 scrolls of summoning
 v - a scroll of acquirement
 w - 2 scrolls of magic mapping
 y - a scroll of noise {unknown}
 B - a scroll of enchant weapon
Potions
 e - a potion of mutation
 f - 3 potions of curing
 m - 6 potions of flight
 n - a potion of ambrosia
 p - 3 potions of lignification
 z - a potion of heal wounds
Comestibles
 d - 23 rations


   Skills:
 - Level 5.7 Fighting
 - Level 1.7 Dodging
 + Level 11.1 Unarmed Combat
 + Level 8.6 Spellcasting
 + Level 10.3 Transmutations


You had 16 spell levels left.
You knew the following spells:

 Your Spells              Type           Power        Failure   Level  Hunger
a - Beastly Appendage     Tmut           #####.       1%          1    None
b - Sticks to Snakes      Tmut           #####...     2%          2    None
c - Spider Form           Tmut/Pois      ###.......   12%         3    #......
d - Blade Hands           Tmut           #####.....   12%         5    #####..

Your spell library contained the following spells:

 Spells                   Type           Power        Failure   Level  Hunger
 Shock                    Conj/Air       #...         24%         1    None
 Ice Form                 Ice/Tmut       ###.....     28%         4    ###....
 Swiftness                Chrm/Air       #.......     34%         2    None
 Static Discharge         Conj/Air       #.......     52%         3    #......
 Airstrike                Air            #.........   86%         4    ###....
 Lightning Bolt           Conj/Air       #.........   99%         5    #####..


Dungeon Overview and Level Annotations

Branches:
Dungeon (11/15)            Temple (0/1) D:4             Orc (0/2) D:9
   Lair: D:8-11

Annotations:
D:9 exclusions: two-headed ogre, ugly thing and zombie


Innate Abilities, Weirdness & Mutations

You have an increased reservoir of magic. (+10% MP)


Message History

The five-headed hydra completely misses you.
The five-headed hydra bites you. The five-headed hydra misses you.
You bite the five-headed hydra!
The five-headed hydra is severely wounded.
The five-headed hydra misses you.
The five-headed hydra barely misses you.
The five-headed hydra bites you.
The five-headed hydra completely misses you.
The five-headed hydra bites you!
* * * LOW HITPOINT WARNING * * *
You bite the five-headed hydra!
The five-headed hydra is almost dead.
The five-headed hydra closely misses you.
The five-headed hydra bites you.
* * * LOW HITPOINT WARNING * * *
The five-headed hydra closely misses you.
The five-headed hydra bites you!
* * * LOW HITPOINT WARNING * * *
The five-headed hydra bites you!
You die...

# ####
###########).##########
#...(..##.##.##.......
#....##...##.##.#.#.#.
##.##....##.#.##......
##....#####.###.#.#.#
#..##.###.#.###.....
###...##.#.#.##.#.#.
#.s.##.#.#.#.##..(#
#D#####.#.#.###.#.# ##
##.#.#.#.###.##
#.#.#.#.#.##.##
##########.)###
############


You could see a five-headed hydra.

Vanquished Creatures
  Harold (D:7)
  2 two-headed ogres (D:9)
  Pikel (D:9)
  An unseen horror (D:10)
  An ugly thing (D:9)
  A gargoyle (D:11)
  2 hornets
  A slime creature (D:11)
  A hippogriff (D:11)
  Sigmund (D:3)
  A wraith (D:10)
  4 wyverns
  2 hungry ghosts
  2 porcupines (D:11)
  Purgy (D:3)
  4 ice beasts
  A slave (D:9)
  7 orc warriors
  2 sky beasts
  5 ogres
  3 black bears
  3 centaurs
  A crocodile (D:11)
  A gnoll sergeant (D:11)
  Blork the orc (D:5)
  7 bullfrogs
  3 scorpions
  4 electric eels (D:10)
  8 howler monkeys
  4 crimson imps
  A quasit (D:8)
  2 centaur zombies
  A jelly (D:11)
  4 orc priests
  4 hounds
  A bullfrog zombie (D:8)
  2 bullfrog skeletons (D:10)
  A gnoll shaman (D:10)
  5 iguanas
  10 orc wizards
  Terence (D:3)
  A merfolk siren (Sewer)
  11 worker ants
  A merfolk avatar (Sewer)
  2 hound skeletons
  A howler monkey zombie (D:5)
  11 gnolls
  8 adders
  7 river rats
  3 shadow imps
  2 adder zombies
  3 adder skeletons
  2 dart slugs
  6 leopard geckos
  56 orcs
  7 ball pythons
  9 giant cockroaches
  13 hobgoblins
  4 jackals (D:1)
  3 quokkas
  5 bats
  9 frilled lizards
  12 goblins
  19 kobolds
  A leopard gecko skeleton (D:7)
  A quokka zombie (D:7)
  25 rats
  2 rat zombies (D:8)
332 creatures vanquished.

Vanquished Creatures (collateral kills)
  An electric eel (D:10)
  Jessica (D:3)
  A worker ant zombie (D:9)
  A bat (D:3)
4 creatures vanquished.

Vanquished Creatures (others)
  A slave (D:9)
  A centaur zombie (D:9)
  2 orcs (D:9)
4 creatures vanquished.

Grand Total: 340 creatures vanquished

Notes
Turn   | Place    | Note
-------+----------+-------------------------------------------
     0 | D:1      | kae the Demigod Transmuter began the quest for the Orb.
     0 | D:1      | Reached XP level 1. HP: 15/15 MP: 5/5
   254 | D:1      | Reached XP level 2. HP: 12/22 MP: 5/7
  1511 | D:2      | Reached XP level 3. HP: 27/27 MP: 8/8
  1716 | D:2      | Learned a level 2 spell: Sticks to Snakes
  2125 | D:3      | Noticed Jessica
  2161 | D:3      | Killed Jessica
  2161 | D:3      | Reached XP level 4. HP: 19/34 MP: 6/9
  2313 | D:3      | Noticed Sigmund
  2402 | D:3      | Learned a level 3 spell: Spider Form
  2643 | D:3      | Noticed Purgy
  2644 | D:3      | Noticed Terence
  2832 | D:3      | Killed Terence
  3349 | D:4      | Found a staircase to the Ecumenical Temple.
  3476 | D:3      | Reached XP level 5. HP: 11/39 MP: 6/10
  3697 | D:4      | Reached skill level 3 in Unarmed Combat
  3714 | D:4      | Reached skill level 5 in Transmutations
  4178 | D:3      | Killed Sigmund
  4178 | D:3      | Reached XP level 6. HP: 20/46 MP: 9/13
  4841 | D:3      | Killed Purgy
  5161 | D:5      | Entered Level 5 of the Dungeon
  5175 | D:5      | Reached skill level 4 in Unarmed Combat
  5219 | D:5      | Reached XP level 7. HP: 46/51 MP: 7/15
  5294 | D:5      | Noticed Blork the orc
  5323 | D:5      | Killed Blork the orc
  5729 | D:5      | You fall through a shaft for 3 floors!
  5811 | D:8      | Found a stormy altar of Qazlal.
  5811 | D:8      | Found an ancient bone altar of Kikubaaqudgha.
  6492 | D:6      | Found a glowing drain.
  6570 | Sewer    | Entered a sewer
  7432 | D:6      | Reached skill level 5 in Unarmed Combat
  7858 | D:7      | Reached XP level 8. HP: 41/58 MP: 14/18
  8426 | D:7      | Reached skill level 5 in Spellcasting
  8690 | D:7      | Reached skill level 6 in Unarmed Combat
  8719 | D:7      | Learned a level 5 spell: Blade Hands
  9006 | D:7      | Noticed Harold
  9027 | D:7      | Killed Harold
  9027 | D:7      | Reached XP level 9. HP: 21/63 MP: 14/21
  9660 | D:8      | Reached skill level 7 in Unarmed Combat
 10079 | D:8      | Found a shattered altar of Ashenzari.
 10235 | D:8      | Found a sparkling altar of Nemelex Xobeh.
 10689 | D:9      | Found a staircase to the Orcish Mines.
 10799 | D:9      | Noticed a two-headed ogre
 10870 | D:9      | Noticed Pikel
 10882 | D:9      | Killed Pikel
 10882 | D:9      | Reached skill level 8 in Unarmed Combat
 10932 | D:9      | Noticed a two-headed ogre
 10941 | D:9      | HP: 1/63 [two-headed ogre/+0 giant club (18)]
 10950 | D:9      | Killed a two-headed ogre
 10950 | D:9      | Reached XP level 10. HP: 14/70 MP: 25/25
 11260 | D:9      | Killed a two-headed ogre
 11362 | D:9      | Found a flagged portal.
 11373 | Bailey   | Entered a bailey
 11403 | Bailey   | Noticed an orc warlord
 11859 | Bailey   | Found a runed translucent gate.
 11859 | Bailey   | Found a runed translucent gate.
 11859 | Bailey   | Found a runed translucent gate.
 12247 | D:9      | Identified a +1 pair of boots of running (You found it in a
                  | bailey)
 12249 | D:9      | Identified a scroll of acquirement
 12282 | D:9      | Found a shimmering altar of Xom.
 12288 | D:9      | Reached skill level 5 in Fighting
 12288 | D:9      | Reached skill level 10 in Unarmed Combat
 12288 | D:9      | Reached XP level 11. HP: 89/89 MP: 26/26
 12344 | D:9      | Found a roughly hewn altar of Beogh.
 12990 | D:10     | Entered Level 10 of the Dungeon
 14317 | D:10     | Killed an unseen horror
 14317 | D:10     | Reached skill level 10 in Transmutations
 14804 | D:11     | Reached skill level 11 in Unarmed Combat
 15341 | D:11     | Noticed a five-headed hydra
 15348 | D:11     | Mangled by a five-headed hydra

Skill      XL: |  1  2  3  4  5  6  7  8  9 10 11 |
---------------+----------------------------------+-----
Transmutations | 2 3 4 5 6 7 9 10 | 10.3
Spellcasting   | 2 3 4 5 7 8 |  8.6
Unarmed Combat | 3 4 5 6 8 10 11 | 11.1
Fighting       | 5 |  5.7
Dodging        | |  1.7

Action                   |  1- 3 |  4- 6 |  7- 9 | 10-12 || total
-------------------------+-------+-------+-------+-------++-------
Melee: Unarmed           |   181 |   168 |   481 |   289 ||  1119
       Kick              |    15 |    10 |       |       ||    25
       Headbutt          |     8 |       |       |       ||     8
       Punch             |     2 |     1 |     7 |    15 ||    25
Throw: Tomahawk          |       |       |       |    11 ||    11
 Cast: Beastly Appendage |    20 |     6 |     1 |       ||    27
       Sticks to Snakes  |     2 |     5 |     3 |     1 ||    11
       Spider Form       |       |     8 |    34 |     8 ||    50
       Blade Hands       |       |       |     3 |    25 ||    28
Evoke: Wand              |       |       |     5 |    10 ||    15
  Use: Scroll            |     6 |     5 |     5 |     5 ||    21
       Potion            |       |     1 |     5 |     2 ||     8
 Stab: Sleeping          |     2 |     1 |     7 |     1 ||    11
       Distracted        |       |     1 |       |     2 ||     3
  Eat: Chunk             |     4 |     8 |    19 |    20 ||    51
       Ration            |       |     1 |     1 |     1 ||     3
Armor: Robe              |    52 |    36 |    46 |    75 ||   209
       Skin              |       |     6 |    60 |     3 ||    69
Dodge: Dodged            |   131 |   118 |   351 |   262 ||   862
